Map: Inside and Out

Players

Muckitos

  • Race: Terran Terran
  • League: Master
  • Spawn Location: 1:00

A.I. 2 (Very Easy) - Winner!

  • Race: Protoss Protoss
  • Spawn Location: 7:00

VOD

Have the link to the VOD?

Description

Time

  • Played on: Jan. 17, 2023, 11:10 a.m.
  • Length: 10:42
Show
View Real Time Build Order
Export as new Build Order

Muckitos Terran 

Build Orders: Reaper Expand 

Get SALT Encoding   

  12  0:00  SCV  
  13  0:12  SCV  
  14  0:17  Supply Depot  
  14  0:24  SCV  
  15  0:39  SCV  
  15  0:41  Barracks  
  16  0:43  Refinery  
  16  0:51  SCV  
  17  1:03  SCV  
  18  1:15  SCV  
  19  1:28  Orbital Command, Reaper  
  20  1:41  Command Center  
  20  1:51  Supply Depot  
  20  1:56  SCV  
  20  1:59  Marine  
  22  2:07  Factory  
  22  2:10  SCV  
  23  2:20  Barracks Reactor  
  23  2:22  SCV  
  24  2:24  Refinery  
  24  2:34  SCV  
  25  2:46  SCV  
  26  2:53  Starport  
  26  2:54  Orbital Command  
  26  2:56  Marine x2  
  26  2:58  SCV  
  29  3:01  Widow Mine, Bunker  
  31  3:10  SCV  
  32  3:14  Marine x2  
  32  3:19  SCV  
  35  3:22  Widow Mine, SCV  
  38  3:29  Medivac  
  38  3:30  Supply Depot  
  38  3:32  SCV  
  41  3:34  SCV, Marine  
  41  3:36  Marine  
  44  3:43  Factory Tech Lab  
  44  3:44  SCV  
  44  3:46  SCV  
  46  3:54  Marine x2  
  46  3:55  Supply Depot  
  48  3:56  SCV  
  48  3:59  Starport Tech Lab  
  49  4:03  SCV  
  49  4:04  Supply Depot  
  49  4:05  Siege Tank  
  49  4:09  SCV  
  54  4:16  SCV  
  55  4:18  Marine x2  
  55  4:21  Refinery, SCV  
  58  4:27  Supply Depot  
  58  4:29  SCV  
  61  4:33  SCV  
  61  4:35  Marine  
  61  4:36  Marine  
  61  4:38  Raven  
  64  4:41  SCV  
  64  4:45  SCV, Barracks  
  66  4:49  Barracks  
  66  4:51  Siege Tank  
  69  4:53  SCV, Marine x2  
  69  4:57  SCV  
  72  5:00  Engineering Bay  
  72  5:04  Refinery  
  72  5:05  SCV  
  73  5:09  SCV  
  74  5:17  SCV  
  74  5:18  Marine x2  
  77  5:21  SCV  
  77  5:24  Starport Reactor  
  77  5:26  Terran Infantry Weapons Level 1  
  78  5:32  Factory Reactor  
  78  5:40  Stimpack  
  78  5:43  Combat Shield  
  78  5:46  Supply Depot  
  78  5:47  Supply Depot x2  
  78  6:06  Command Center, Barracks  
  78  6:08  Marauder, SCV x2, Medivac x2, Marine x2  
  78  6:09  Marauder, Barracks  
  78  6:11  Supply Depot  
  90  6:13  Supply Depot  
  90  6:19  Widow Mine  
  90  6:20  SCV x2  
  90  6:22  Widow Mine  
  96  6:26  Marine x2  
  96  6:29  Marauder  
  96  6:30  Marauder  
  96  6:32  SCV x2  
  104  6:37  Supply Depot  
  104  6:44  SCV x2, Marine x2  
  110  6:50  Medivac  
  110  6:51  Marauder, Marine  
  110  6:52  Medivac  
  119  6:56  SCV x2  
  119  6:57  Barracks Tech Lab, Barracks Reactor  
  119  7:00  Supply Depot  
  117  7:12  SCV  
  117  7:13  SCV  
  119  7:16  Marauder, Marine  
  119  7:17  Marauder  
  119  7:18  Command Center  
  119  7:20  Terran Infantry Armor Level 1  
  124  7:26  Supply Depot  
  124  7:28  Widow Mine x2  
  130  7:30  Marauder  
  130  7:37  Marine x2  
  130  7:38  Marauder x2  
  130  7:42  Orbital Command  
  136  7:47  Viking  
  138  7:52  Supply Depot  
  138  7:53  Viking  
  138  7:55  Marauder  
  142  7:59  Marauder  
  142  8:02  Engineering Bay  
  142  8:04  Armory  
  144  8:07  Marine  
  144  8:08  Marauder, Marine x2  
  149  8:14  Supply Depot  
  149  8:15  Supply Depot  
  149  8:21  Barracks  
  149  8:22  Barracks  
  149  8:27  Barracks  
  149  8:37  Viking x2  
  149  8:39  Marauder  
  149  8:40  Marauder  
  157  8:42  Marauder  
  157  8:44  Sensor Tower  
  157  8:45  Sensor Tower, Supply Depot  
  157  8:48  Supply Depot  
  159  8:55  Marine  
  159  8:56  Marine  
  159  8:57  Marine  
  159  8:58  Marine  
  159  9:00  Marauder  
  159  9:01  Marauder  
  159  9:02  SCV x3  
  170  9:04  Marauder  
  170  9:09  Orbital Command  
  172  9:18  Barracks Tech Lab  
  172  9:19  Barracks Tech Lab x2  
  172  9:20  Marine x2  
  172  9:21  Viking  
  172  9:22  Viking  
  178  9:29  Marauder x3  
  184  9:37  Marauder  
  184  9:38  Marauder x2  
  190  9:49  Marine x3, Ghost Academy  
  190  9:51  Marauder x2  
  197  9:55  Medivac  
Show
View Real Time Build Order
Export as new Build Order

A.I. 2 (Very Easy) Protoss - Winner!

Build Orders: 1 Gate Expand, Nexus First 

Get SALT Encoding   

  12  0:00  Probe  
  13  0:13  Probe  
  14  0:19  Pylon  
  14  0:43  Gateway  
  14  1:00  Nexus  
  14  1:21  Pylon, Zealot  
  14  1:23  Assimilator  
  16  1:37  Cybernetics Core  
  16  1:38  Probe  
  17  1:50  Probe  
  18  2:00  Assimilator, Probe  
  19  2:08  Probe  
  19  2:09  Warp Gate  
  19  2:15  Probe, Stalker  
  23  2:23  Probe  
  23  2:28  Probe  
  25  2:39  Probe  
  26  2:56  Probe  
  26  2:57  Assimilator  
  27  2:59  Pylon  
  27  3:03  Probe  
  28  3:10  Probe  
  28  3:11  Robotics Facility  
  29  3:18  Probe  
  30  3:25  Probe  
  31  3:31  Zealot  
  31  3:32  Probe  
  34  3:39  Probe  
  35  3:47  Probe  
  36  3:54  Probe  
  37  3:57  Observer  
  37  4:01  Probe  
  39  4:08  Probe  
  40  4:12  Observer  
  40  4:13  Probe  
  41  4:18  Assimilator  
  41  4:22  Probe  
  43  4:25  Probe  
  44  4:37  Probe  
  45  4:41  Pylon  
  45  4:44  Probe  
  46  4:47  Sentry  
  46  4:51  Probe  
  49  4:58  Probe  
Tags
 
Add a new tag
Caveats
  • Supply blocks, unpowered buildings, or Contaminate may cause inaccurate times.
  • Supply counts are checked every 10 seconds.